 Dungeon Crawl Stone Soup version 0.28.0-47-ge53b351184 (webtiles) character file.

Game seed: 566901126545792206

247 Peloso the Slasher (level 5, 47/47 HPs)
             Began as a Minotaur Fighter on May 5, 2022.
             Got out of the dungeon alive.
             The game lasted 00:03:48 (1697 turns).

Peloso the Slasher (Minotaur Fighter)               Turns: 1697, Time: 00:03:49

Health: 47/47      AC:  7    Str: 20    XL:     5   Next: 85%
Magic:  4/4        EV:  9    Int:  5    God:
Gold:   99         SH:  5    Dex: 12    Spells: 4/4 levels left

rFire   . . .      SeeInvis .   a - +0 long sword
rCold   . . .      Faith    .   c - +0 buckler
rNeg    . . .      Spirit   .   b - +0 scale mail
rPois   .          Reflect  .   (helmet restricted)
rElec   .          Harm     .   (no cloak)
rCorr   .          Rampage  .   (no gloves)
Will    .....                   (no boots)
Stlth   ..........              (no amulet)
HPRegen 0.15/turn               (no ring)
MPRegen 0.09/turn               (no ring)

@: no status effects
A: horns 2, retaliatory headbutt
a: no special abilities


You escaped.
You visited 1 branch of the dungeon, and saw 2 of its levels.

You collected 99 gold pieces.

Inventory:

Hand Weapons
 a - a +0 long sword (weapon)
Armour
 b - a +0 scale mail (worn)
 c - a +0 buckler (worn)
Jewellery
 h - an amulet of guardian spirit
 i - a ring of magical power
Scrolls
 e - a scroll of torment {unknown}
 k - a scroll of amnesia
Potions
 d - a potion of might
 f - a potion of haste {unknown}
 g - 3 potions of curing {unknown}


   Skills:
 + Level 4.5 Fighting
 + Level 5.2 Long Blades
 + Level 4.8 Armour
 + Level 1.6 Dodging
 + Level 4.2 Shields


You had 4 spell levels left.
You didn't know any spells.
Your spell library was empty.

Dungeon Overview and Level Annotations

Branches:
Dungeon (2/15)

Altars:

Shops:
D:2 :


Innate Abilities, Weirdness & Mutations

You have a pair of horns on your head.
You reflexively headbutt those who attack you in melee.


Message History

You start resting.
HP restored.
Things that are here:
a +2 scythe of freezing; a +0 robe; a hobgoblin skeleton You now have 99 gold pieces (gained 5).
You open the door.
A worm comes into view.
Found Sumalih's Book Boutique.
A worm is nearby!
A worm is nearby!
A worm is nearby!
There is an open door here.
Found a mace.
You slash the worm!
The worm is heavily wounded.
The worm bites you but does no damage.
You hit the worm.
You headbutt the worm, but do no damage.
The worm is severely wounded.
You block the worm's attack.
You hit the worm.
The worm is severely wounded.
You slash the worm!
You kill the worm!
Found 27 arrows.
(D) Dungeon
Where to? (Enter - D:12, ? - help)
What level of the Dungeon? (default 1, ? - help)
There is an open door here.
There is an open door here.
There is a stone staircase leading up here.
You climb upwards.
There is a stone staircase leading down here.
Things that are here:
a jackal skeleton; a jackal skeleton You open the door.
There is an open door here.
There is a staircase leading out of the dungeon here.
Are you sure you want to leave the Dungeon?
This will make you lose the game!
You have escaped!

#...###.##.###.## ###.#
#.#..##..#.###..########.#
#..#.###..............##.## ##
##....##..#####'#####.##..#####.
# ###..##..#PPP#.#PPP#.###.......
# #......#P⌠P#.#P⌠P#.###..##### #
#)##...#PPP#.#PPP#.##...#####
#####..#...#####.#####.#..#......
##.........+....@....'...........
...###.#...#####.#####...#####...
#### #.#...#PPP#.#PPP#..## ####
#...#.#P⌠P#.#P⌠P#.##
#..##.#PPP#.#PPP#.#
#.)...#####+#####.#
#.................#
##..###.###..#####.# ####...#
#.....## #.### #


There were no monsters in sight!

Vanquished Creatures
  Sigmund (D:2)
  A scorpion zombie (D:2)
  An adder (D:2)
  A worm (D:2)
  2 bat skeletons (D:2)
  8 endoplasms
  3 giant cockroaches
  5 goblins
  3 hobgoblins
  13 jackals
  A quokka (D:2)
  4 ball pythons
  A ball python zombie (D:2)
  3 bats
  A frilled lizard (D:1)
  5 kobolds
  2 quokka zombies (D:2)
55 creatures vanquished.

Notes
Turn   | Place    | Note
-------+----------+-------------------------------------------
     0 | D:1      | Peloso the Minotaur Fighter began the quest for the Orb.
     0 | D:1      | Reached XP level 1. HP: 19/19 MP: 0/0
   214 | D:1      | Reached XP level 2. HP: 27/27 MP: 1/1
   696 | D:2      | Reached XP level 3. HP: 33/33 MP: 2/2
   724 | D:2      | Found a faded altar of an unknown god.
   778 | D:2      | Reached skill level 1 in Dodging
   922 | D:2      | Reached skill level 3 in Long Blades
  1135 | D:2      | Reached XP level 4. HP: 40/40 MP: 3/3
  1141 | D:2      | Reached skill level 4 in Long Blades
  1298 | D:2      | Noticed Sigmund
  1331 | D:2      | Killed Sigmund
  1332 | D:2      | Reached skill level 5 in Long Blades
  1332 | D:2      | Reached XP level 5. HP: 13/47 MP: 4/4
  1623 | D:2      | Found Sumalih's Book Boutique.
  1697 | D:$      | Got out of the dungeon alive.

Illustrated notes

Levels and vault maps discovered:
D:1:      beargit_arrival_greenhouse, layout_rooms, grunt_decor_cap
D:2:      layout_loops_corners, serial_shops, nicolae_shop_stone, serial_undead,
          serial_undead_f, serial_undead_f, serial_undead_e, serial_undead_d,
          dreamdust_ecumenical_altar_angels_and_demons, uniq_sigmund

Skill      XL: |  1  2  3  4 |
---------------+-------------+-----
Armour         | 4 |  4.8
Fighting       | 4 |  4.5
Dodging        | 1 |  1.6
Long Blades    | 3 5 |  5.2
Shields        | 4 |  4.2

Action                   |  1- 3 |  4- 6 || total
-------------------------+-------+-------++-------
Melee: Long sword        |    88 |    28 ||   116
       Headbutt          |    11 |     4 ||    15
  Use: Scroll            |     5 |       ||     5
Armor: Scale mail        |    55 |    14 ||    69
Dodge: Dodged            |    52 |    13 ||    65
Block: Buckler           |    27 |     3 ||    30
